 Dungeon Crawl Stone Soup version 0.14-a0-1739-g6c2808e (webtiles) character file.

77 Piginabag the Insei (level 2, 0/18 HPs)
             Began as an Octopode Transmuter on Jan 4, 2014.
             Slain by a gnoll
             ... wielding a +2,+0 spear
              (2 damage)
             ... on Level 2 of the Dungeon.
             The game lasted 00:01:33 (823 turns).

Piginabag the Insei (Octopode Transmuter)            Turns: 823, Time: 00:01:34

HP   0/18        AC  1     Str  9      XL: 2   Next: 79%
MP   5/5         EV 12     Int 15      God:
Gold 57          SH  0     Dex 12      Spells:  1 memorised,  4 levels left

rFire  . . .     SeeInvis .       - Unarmed
rCold  . . .     Clarity  .     (no shield)
rNeg   . . .     Conserve .     (helmet restricted)
rPois  .         rCorr    .     (no amulet)
rElec  .         rRot     .     (no ring)
SustAb . .       Spirit   .     (no ring)
rMut   .         Warding  .     (no ring)
Saprov . . .     Stasis   .     (no ring)
                                (no ring)
                                (no ring)
                                (no ring)
                                (no ring)

@: not resistant to hostile enchantments, fairly stealthy
A: almost no armour, amphibious, 8 rings, constrict 8, camouflage 1, gelatinous
body 1
a: no special abilities


You were on level 2 of the Dungeon.
You were not hungry.

You visited 1 branch of the dungeon, and saw 2 of its levels.

You collected 57 gold pieces.

Inventory:

Missiles
 b - 12 arrows
 l - 5 curare-tipped needles
Comestibles
 a - 3 bread rations
 g - a choko
Scrolls
 c - a scroll of fear {unknown}
 e - a scroll of teleportation {unknown}
 f - a scroll of amnesia {unknown}
 h - 2 scrolls of identify {unknown}
 k - a scroll of magic mapping {unknown}
 m - a scroll of enchant weapon I {unknown}
 n - a scroll of remove curse {unknown}
Potions
 i - 2 potions of heal wounds {unknown}
 j - 3 potions of curing {unknown}
Books
 d - a book of Changes

   Spells                             Type                      Level
   *Beastly Appendage                 Transmutation                1
   Sticks to Snakes                   Transmutation                2
   Spider Form                        Transmutation/Poison         3
   Ice Form                           Ice/Transmutation            4
   Blade Hands                        Transmutation                5
 o - a book of the Dragon

   Spells                             Type                      Level
   Flight                             Charms/Air                   3
   Cause Fear                         Hexes                        4
   Bolt of Fire                       Conjuration/Fire             6
   Dragon Form                        Transmutation                7
   Summon Dragon                      Summoning                    9


   Skills:
 + Level 1.0 Fighting
 + Level 2.2 Dodging
 + Level 3.4 Unarmed Combat
 + Level 2.3 Spellcasting
 + Level 2.1 Transmutations


You had 4 spell levels left.
You knew the following spells:

 Your Spells              Type           Power        Failure   Level  Hunger
a - Beastly Appendage     Trmt           #.....       12%         1    #......


Dungeon Overview and Level Annotations

Branches:
Dungeon (2/16)

Altars:


Innate Abilities, Weirdness & Mutations

You cannot wear most types of armour.
You are amphibious.
You can wear up to eight rings at the same time.
You can use your tentacles to constrict many enemies at once.
Your skin changes colour to match your surroundings (Stlth).
Your rubbery body absorbs attacks (AC +1).


Message History

Things that are here:
an elven dagger; a kobold corpse You start resting.
HP restored.
A gnoll comes into view. It is wielding a spear.
A gnoll is nearby!
A gnoll is nearby!
A gnoll is nearby!
You see here 13 gold pieces.
You now have 57 gold pieces (gained 13).
The gnoll hits you from afar with a spear!
The gnoll barely misses you.
You closely miss the gnoll. Your grab misses the gnoll.
The gnoll hits you with a spear!
* * * LOW HITPOINT WARNING * * *
You hit the gnoll. You grab the gnoll.
The gnoll is lightly wounded.
You constrict the gnoll, but do no damage.
The gnoll hits you with a spear.
You die...

#..(...#
#)..).######
#.....#....#
##....#....#
#...##....###
#............
########.....####
#............$...
#....@.##......##
#....g..# ......#
#...$#### .....##
#.... .....# #...
.....# #... #####
.. #


You could see a gnoll.

Vanquished Creatures
  A giant cockroach (D:1)
  3 goblins (D:1)
  3 hobgoblins (D:1)
  4 kobolds
  3 bats (D:1)
  A giant newt (D:1)
  4 rats
19 creatures vanquished.

Notes
Turn   | Place    | Note
--------------------------------------------------------------
     0 | D:1      | Piginabag, the Octopode Transmuter, began the quest for the Orb.
     0 | D:1      | Reached XP level 1. HP: 13/13 MP: 3/3
   231 | D:1      | Reached XP level 2. HP: 18/18 MP: 2/4
   823 | D:2      | Slain by a gnoll

Action                   || total
-------------------------++-------
Melee: Unarmed           ||    39
 Cast: Beastly Appendage ||     6
 Stab: Sleeping          ||     3
